AoeStats
← Beven

Arabia

508747488Analyzed
1v1 RM · 10d ago on Sep 23, 2026· 36m 34s· 2 players
Game mode
Random Map
Map size
Tiny (2 player)
Population
200
Speed
Normal
Resources
Standard
Victory
Conquest
Starting age
Dark Age
Ending age
Imperial Age
RankedLock teamsTeams togetherTeam positionsShared explorationLock speedFull tech treeHidden civsTurbo modeCheats
Victory
Defeat
🇸🇪 Slavs · Sweden
726
+15
🇨🇴 Poles · Colombia
697
-27
rufone.1312
6:46 Loom
12:14 Feudal Age
12:36 Horse Collar
12:49 Double-Bit Axe
13:47 Wheelbarrow
15:12 Wheelbarrow
21:51 Castle Age
21:27 Scale Barding Armor
21:33 Forging
22:48 Bow Saw
22:50 Heavy Plow
24:21 Hand Cart
24:50 Bloodlines
24:01 Light Cavalry
25:35 Gold Mining
25:38 Stone Mining
25:54 Stone Mining
26:08 Husbandry
26:14 Pikeman
26:56 Squires
35:09 Chain Barding Armor
35:25 Iron Casting
34:51 Scale Mail Armor
35:46 Stone Shaft Mining
Beven
3:36 Loom
9:48 Feudal Age
13:34 Wheelbarrow
13:50 Double-Bit Axe
21:42 Castle Age
19:49 Horse Collar
20:29 Gold Mining
21:57 Scale Mail Armor
23:03 Hand Cart
23:15 Bow Saw
25:07 Town Watch
25:30 Heavy Plow
29:36 Gold Shaft Mining
30:36 Stone Mining
31:47 Forging
31:43 Scale Barding Armor
33:14 Town Patrol
37:34 Imperial Age
35:28 Chain Barding Armor
37:30 Iron Casting
Connection lost

Rejoining the realm…

Still unreachable

The connection could not be restored.

Session expired

The server has moved on; the page needs a fresh start.